cohdb
Replays
Latest Replays
All Replays
Popular Replays
Top Player Replays
Match Explorer
How It Works
Community
CoH3 Stats
Reddit
Sign in to upload your games and track your stats! →
Sign in with Steam
Match 40072951
Unlisted
Match 40072951
Overview
Messages
Build Orders
End
Kradschützen Motorcycle Team
Panzergrenadier Squad
250 Light Carrier
Panzergrenadier Squad
Construct Light Support Kompanie
Selects Panzerjäger Kommand Battlegroup
Selects GrB 39 Grenade Launcher Requisition
Panzerpioneer Squad
Fire Support Elements
Combat Half-tracks
Panzerjäger Mechanized Group
Construct Panzerarmee Kommand
Vehicle Survival Package
Veteran Squad Leaders
Pak 38 Anti-tank Gun Team
le.IG 18 Mechanized Group
Walking Stuka Rocket Launcher
Flak 36 Anti-tank Gun Team
Construct Mechanized Kompanie
Selects Crew Shock Tactics
2.5-tonne Medical Truck
18-tonne Recovery Half-track
Assault Mechanized Group
LanceCriminal619
Nashorn101
Nukepapa
stunta
0
0
Comments
sign in to comment!
No comments posted yet!